 Dungeon Crawl Stone Soup version 0.21.1-1-g345015f (webtiles) character file.

2636 VLARC the Fighter (level 9, 0/90 HPs)
             Began as a Deep Dwarf Gladiator on Mar 4, 2018.
             Was a Follower of Kikubaaqudgha.
             Slain by a vampire (5 damage)
             ... on level 9 of the Dungeon.
             The game lasted 00:27:06 (6629 turns).

VLARC the Fighter (Deep Dwarf Gladiator)            Turns: 6629, Time: 00:27:07

Health: 0/90       AC: 10    Str: 20    XL:     9   Next: 35%
Magic:  8/8        EV: 12    Int: 16    God:    Kikubaaqudgha [*.....]
Gold:   307        SH:  0    Dex: 14    Spells: 7/8 levels left

rFire    + . .     SeeInvis .   z - +6 Majin-Bo {vamp, Archmagi MP+6 Int+6}
rCold    + . .     Gourm    .   (shield currently unavailable)
rNeg     . . .     Faith    .   p - +0 ring mail
rPois    .         Spirit   .   c - +0 helmet
rElec    .         Reflect  .   k - +0 cloak
rCorr    .         Harm     .   o - +0 pair of gloves
MR       +....                  y - +1 pair of boots
Stlth    +.........             (no amulet)
HPRegen  0.00/turn              h - ring of protection from cold
MPRegen  0.11/turn              v - ring of protection from fire

@: non-regenerating, mildly diseased, drained
A: damage resistance, heal wounds, sense surroundings 2, no regeneration
a: Heal Wounds, Receive Corpses, Renounce Religion


You were on level 9 of the Dungeon.
You worshipped Kikubaaqudgha.
Kikubaaqudgha was aware of your devotion.
You were hungry.

You visited 2 branches of the dungeon, and saw 11 of its levels.
You visited the Abyss 1 time.

You collected 483 gold pieces.
You spent 176 gold pieces at shops.

Inventory:

Hand Weapons
 z - the +6 Majin-Bo (weapon) {vamp, Archmagi MP+6 Int+6}
   (You found it on level 5 of the Dungeon)

   It inflicts no extra harm, but heals its wielder when it wounds a living foe.
   It affects your intelligence (+6).
   It affects your magic capacity (+6).
Missiles
 d - 3 throwing nets
 j - 274 stones (quivered)
Armour
 c - a +0 helmet (worn)
 k - a +0 cloak (worn)
 o - a +0 pair of gloves (worn)
 p - a +0 ring mail (worn)
 y - a +1 pair of boots (worn)
 D - the cursed +0 ring mail "Neygh" {+Inv Dex+3, unknown}
   (You found it on level 2 of the Abyss)

   It affects your dexterity (+3).
   It lets you turn invisible.
   It has a curse placed upon it.
Jewellery
 h - a ring of protection from cold (left hand)
 v - a ring of protection from fire (right hand)
 w - an uncursed ring of stealth {unknown}
Wands
 b - a wand of polymorph (14)
 l - a wand of digging (13)
 x - a wand of paralysis (16)
 B - a wand of iceblast (20)
Scrolls
 a - a scroll of fear
 i - 2 scrolls of remove curse
 n - 2 scrolls of identify
 r - 2 scrolls of teleportation
 u - a scroll of amnesia
 G - a scroll of enchant armour
 H - a scroll of summoning
Potions
 e - a potion of agility
 g - 6 potions of curing
 m - a potion of resistance
 s - a potion of cancellation
 t - 3 potions of brilliance
 A - a potion of ambrosia {unknown}
 C - a potion of heal wounds
 E - 2 potions of might
Books
 q - Kikubaaqudgha's Guide on Unholy Rituals
   (Kikubaaqudgha gifted it to you on level 9 of the Dungeon)

   Spells                             Type                      Level
   a - Animate Skeleton               Necromancy                   1
   b - Pain                           Necromancy                   1
   c - Sublimation of Blood           Necromancy                   2
   d - Vampiric Draining              Necromancy                   3
 F - a book of Geomancy

   Spells                             Type                      Level
   a - Sandblast                      Earth                        1
   b - Passwall                       Transmutation/Earth          2
   c - Stone Arrow                    Conjuration/Earth            3
   d - Petrify                        Transmutation/Earth          4
   e - Lee's Rapid Deconstruction     Earth                        5
Comestibles
 f - 4 rations


   Skills:
 + Level 8.5(8.3) Fighting
   Level 1.1(0.9) Long Blades
   Level 7.0(6.8) Axes
 + Level 6.1(5.9) Staves
 - Level 1.7(1.6) Throwing
 - Level 3.2(3.1) Dodging


You had 7 spell levels left.
You knew the following spells:

 Your Spells              Type           Power        Failure   Level  Hunger
a - Animate Skeleton      Necr           N/A          41%         1    ##.....


Dungeon Overview and Level Annotations

Branches:
Dungeon (10/15)            Temple (1/1) D:6
   Lair: D:8-11         Orc: D:9-12

Altars:
Ashenzari
Cheibriados
Dithmenos
Elyvilon
Fedhas
Gozag
Hepliaklqana
Kikubaaqudgha
Makhleb
Nemelex Xobeh
Okawaru
Qazlal
Ru
Sif Muna
Trog
Uskayaw
Vehumet
Wu Jian
Xom
Yredelemnul
Zin
The Shining One

Shops:
D:7 *!((

Annotations:
D:4 letownia2's ghost, amateur TeWz
D:6 letownia2's ghost, amateur TeWz
D:8 aMcNicky's ghost, novice MiBe
D:10 Erolcha


Innate Abilities, Weirdness & Mutations

You are resistant to damage.
You can heal yourself by infusing magical energy.
You passively map the area around you.
You do not regenerate.


Message History

* * * LOW HITPOINT WARNING * * *
Something draws strength from your injuries!
You barely miss something. Something hits you.
* * * LOW HITPOINT WARNING * * *
Something bites you.
* * * LOW HITPOINT WARNING * * *
Something draws strength from your injuries!
You closely miss something. Something hits you.
* * * LOW HITPOINT WARNING * * *
Something bites you but does no damage.
You barely miss something. Something hits you but does no damage.
Something bites you but does no damage.
You sock something! Something hits you but does no damage. Something bites you.
* * * LOW HITPOINT WARNING * * *
Something draws strength from your injuries!
You hit something. Something hits you.
* * * LOW HITPOINT WARNING * * *
Something bites you!
You die...
Kikubaaqudgha rasps: "You have failed me!
Welcome... death!"

....###............# ##.
##..# #............# #.
#..# #..###.......## ##
#..###.## ##.......### #
##..##..# #####.....## #
#...##..# ####...###
#...##..### #####...###
#.........#
#####..####...###
.........## #..@...##
###...#### .........#
##.{.....## ###....#
........## ##.........#
##.... ........#
#..........## ###..
........# ##...........#
##. ##......#
#............# ###..
#####..###............#
##....
###....)#.............##
##.....
##.....#.........)......#
#......


There were no monsters in sight!

Vanquished Creatures
  A hippogriff (D:8)
  The ghost of kalagan the Digger, an amateur GrEE (D:5)
  A ynoxinul (Abyss:2)
  2 water moccasins
  2 orc warriors (D:9)
  A phantom (D:5)
  2 ogres
  A bullfrog (D:7)
  A wyvern zombie (D:6)
  A scorpion (D:6)
  A water moccasin skeleton (D:6)
  4 wights (D:9)
  4 crimson imps
  3 hounds
  3 jellies
  4 orc priests
  2 bullfrog skeletons (D:7)
  2 iguanas
  6 orc wizards
  2 worker ants
  A killer bee zombie (D:6)
  3 hound skeletons
  Robin (D:2)
  A gnoll (D:3)
  7 adders
  A shadow imp (D:6)
  3 oozes
  An adder skeleton (D:5)
  An adder zombie (D:5)
  3 worms
  4 leopard geckos
  36 orcs
  6 bats
  8 giant cockroaches
  20 goblins
  9 hobgoblins
  14 jackals
  5 kobolds
  2 quokkas
  6 frilled lizards
  A leopard gecko zombie (D:8)
  6 rats (D:1)
  A fungus (D:7)
184 creatures vanquished.

Vanquished Creatures (collateral kills)
  A crimson imp (D:6)
1 creature vanquished.

Vanquished Creatures (others)
  A fungus (D:7)
  2 starspawn tentacles (Abyss:2)
3 creatures vanquished.

Grand Total: 188 creatures vanquished

Notes
Turn   | Place    | Note
-------+----------+-------------------------------------------
     0 | D:1      | VLARC the Deep Dwarf Gladiator began the quest for the Orb.
     0 | D:1      | Reached XP level 1. HP: 19/19 MP: 1/1
   111 | D:1      | Reached skill level 2 in Fighting
   147 | D:1      | Reached XP level 2. HP: 26/26 MP: 2/2
   488 | D:1      | Reached XP level 3. HP: 20/33 MP: 3/3
  1142 | D:2      | Noticed Robin
  1148 | D:2      | Reached skill level 3 in Fighting
  1159 | D:2      | Killed Robin
  1159 | D:2      | Reached XP level 4. HP: 40/42 MP: 3/3
  1999 | D:3      | Found a glowing golden altar of the Shining One.
  2197 | D:3      | Reached skill level 5 in Axes
  2242 | D:4      | Reached XP level 5. HP: 29/49 MP: 4/4
  2300 | D:4      | Noticed letownia2's ghost (amateur TeWz)
  2591 | D:4      | Reached skill level 4 in Fighting
  2603 | D:4      | Noticed an ogre
  2615 | D:5      | Entered Level 5 of the Dungeon
  2738 | D:5      | Reached XP level 6. HP: 37/57 MP: 5/5
  2910 | D:5      | Noticed kalagan's ghost (amateur GrEE)
  2929 | D:5      | Killed kalagan's ghost
  2929 | D:5      | Reached skill level 5 in Fighting
  2929 | D:5      | Reached XP level 7. HP: 45/67 MP: 4/4
  3248 | D:5      | Found the +6 Majin-Bo {vamp, Archmagi MP+6 Int+6}
  3302 | D:5      | Reached skill level 1 in Long Blades
  3498 | D:6      | Noticed letownia2's ghost (amateur TeWz)
  3565 | D:6      | Reached skill level 1 in Staves
  3801 | D:6      | Reached skill level 6 in Fighting
  3991 | D:6      | Found a staircase to the Ecumenical Temple.
  4020 | D:6      | Reached XP level 8. HP: 69/76 MP: 4/4
  4028 | Temple   | Entered the Ecumenical Temple
  4351 | D:6      | You fall through a shaft!
  4364 | D:7      | Found a radiant altar of Vehumet.
  4381 | D:7      | Found a shattered altar of Ashenzari.
  4381 | D:7      | Found an ancient bone altar of Kikubaaqudgha.
  4383 | D:7      | Found a shadowy altar of Dithmenos.
  4384 | D:7      | Found a stormy altar of Qazlal.
  4386 | D:7      | Found a hazy altar of Hepliaklqana.
  4389 | D:7      | Became a worshipper of Kikubaaqudgha
  4488 | D:7      | Found Veosofo's Weapon Shoppe.
  4551 | D:7      | Found Wepreir's Distillery.
  4558 | D:7      | Bought a potion of might for 44 gold pieces
  4566 | D:7      | Found Rusch's Antique Weapon Shoppe.
  4684 | D:7      | Reached skill level 7 in Fighting
  4770 | D:7      | Found Lojemoant's Assorted Antiques.
  4773 | D:7      | Bought a scroll labeled QOKIMA OMPA for 36 gold pieces
  4786 | D:7      | Bought a bubbling inky potion for 32 gold pieces
  4786 | D:7      | Bought a sapphire potion for 32 gold pieces
  4786 | D:7      | Bought a sapphire potion for 32 gold pieces
  5013 | D:8      | Noticed aMcNicky's ghost (novice MiBe)
  5023 | D:8      | Noticed a hippogriff
  5280 | D:8      | Noticed a hippogriff
  5292 | D:8      | Killed a hippogriff
  5404 | D:9      | Reached skill level 5 in Staves
  5501 | D:9      | Gained mutation: You passively map the area around you. [Deep Dwarf growth]
  5501 | D:9      | Reached XP level 9. HP: 30/88 MP: 5/5
  5519 | D:9      | Reached skill level 8 in Fighting
  5783 | D:9      | Reached * piety under Kikubaaqudgha
  5783 | D:9      | Identified Kikubaaqudgha's Guide on Unholy Rituals (Kikubaaqudgha gifted it to you on level 9 of the Dungeon)
  5783 | D:9      | Received a gift from Kikubaaqudgha
  5797 | D:9      | Learned a level 1 spell: Animate Skeleton
  6318 | D:10     | Entered Level 10 of the Dungeon
  6318 | D:10     | Found a stormy altar of Qazlal.
  6319 | D:10     | Noticed Erolcha
  6391 | D:10     | Cast into level 2 of the Abyss (Erolcha)
  6391 | Abyss:2  | Found a corrupted altar of Lugonu.
  6395 | Abyss:2  | Found a corrupted altar of Lugonu.
  6396 | Abyss:2  | Got a shimmering ring mail
  6453 | Abyss:2  | Noticed a starcursed mass
  6477 | Abyss:2  | Noticed a large abomination
  6503 | Abyss:2  | Noticed a large abomination
  6521 | Abyss:2  | Noticed a large abomination
  6527 | Abyss:2  | Found a corrupted altar of Lugonu.
  6558 | Abyss:2  | Noticed a spatial maelstrom
  6566 | Abyss:2  | Noticed an ancient zyme
  6571 | Abyss:2  | Noticed a tentacled starspawn
  6601 | D:10     | Escaped the Abyss
  6629 | D:9      | Slain by a vampire

Skill      XL: |  1  2  3  4  5  6  7  8  9 |
---------------+----------------------------+-----
Fighting       | 2 3 4 5 6 7 8 |  8.5
Axes           | 4 5 6 7 |  7.0
Long Blades    | 1 |  1.1
Staves         | 2 5 6 |  6.1
Throwing       | |  1.7
Dodging        | |  3.2

Action                   |  1- 3 |  4- 6 |  7- 9 || total
-------------------------+-------+-------+-------++-------
Melee: War axe           |   129 |   192 |       ||   321
       Quarterstaff      |       |       |   251 ||   251
       Great sword       |       |       |    27 ||    27
 Fire: Hunting sling     |       |    62 |       ||    62
Throw: Throwing net      |     1 |       |       ||     1
 Cast: Animate Skeleton  |       |       |     1 ||     1
 Abil: Heal Wounds       |     1 |     4 |     6 ||    11
  Use: Scroll            |       |    12 |     9 ||    21
       Potion            |       |     1 |       ||     1
 Stab: Invisible         |       |     1 |       ||     1
  Eat: Chunk             |     1 |     6 |     9 ||    16
       Ration            |       |       |     2 ||     2
Armor: Leather armour    |    19 |       |       ||    19
       Ring mail         |    46 |    74 |   153 ||   273
Dodge: Dodged            |    88 |   127 |   189 ||   404
       Rpst.: Great sword |       |       |     8 ||     8
